 Dungeon Crawl Stone Soup version 0.21.1-1-g345015fe64 (webtiles) character file.

230 Mrkan the Cudgeler (level 5, -7/48 HPs)
             Began as a Minotaur Fighter on May 10, 2018.
             Killed by divine providence
             ... invoked by an orc priest
              (14 damage)
             ... on level 3 of the Dungeon.
             The game lasted 00:03:57 (1558 turns).

Mrkan the Cudgeler (Minotaur Fighter)               Turns: 1558, Time: 00:03:57

Health: -7/48      AC:  8    Str: 21    XL:     5   Next: 72%
Magic:  4/4        EV:  7    Int:  5    God:
Gold:   71         SH:  9    Dex: 10    Spells: 4/4 levels left

rFire    . . .     SeeInvis .   a - +0 flail
rCold    . . .     Gourm    .   c - +0 shield
rNeg     . . .     Faith    .   b - +0 scale mail
rPois    .         Spirit   .   (helmet restricted)
rElec    .         Reflect  .   m - +0 cloak
rCorr    .         Harm     .   (no gloves)
MR       .....                  (no boots)
Stlth    ..........             (no amulet)
HPRegen  0.16/turn              (no ring)
MPRegen  0.09/turn              (no ring)

@: no status effects
A: retaliatory headbutt, horns 2
a: no special abilities


You were on level 3 of the Dungeon.
You were not hungry.

You visited 1 branch of the dungeon, and saw 3 of its levels.

You collected 71 gold pieces.

Inventory:

Hand Weapons
 a - a +0 flail (weapon)
Armour
 b - a +0 scale mail (worn)
 c - a +0 shield (worn)
 m - a +0 cloak (worn)
Scrolls
 h - 2 scrolls of identify {unknown}
 k - a scroll of remove curse {unknown}
 o - a scroll of magic mapping {unknown}
Potions
 d - 2 potions of might
 e - a potion of heal wounds {unknown}
 i - a potion of brilliance {unknown}
 j - 2 potions of curing {unknown}
 l - a potion of lignification {unknown}
 n - a potion of flight {unknown}
Comestibles
 f - 4 rations
 g - 5 chunks of flesh


   Skills:
 + Level 5.3 Fighting
 * Level 6.1 Maces & Flails
 - Level 3.6 Armour
 - Level 3.6 Shields


You had 4 spell levels left.
You didn't know any spells.

Dungeon Overview and Level Annotations

Branches:
Dungeon (3/15)

Altars:

Annotations:
D:3 Natasha


Innate Abilities, Weirdness & Mutations

You reflexively headbutt those who attack you in melee.
You have a pair of horns on your head.


Message History

Something tries to affect you, but you resist.
You hear some strange, mumbled words.
Something tries to affect you, but you resist.
You closely miss something. Something hits you but does no damage.
You closely miss something.
You hear some strange, mumbled words.
A magic dart appears from out of thin air!
The magic dart hits you!
You miss something. Something hits you but does no damage.
You closely miss something.
You hear some strange, mumbled words.
A magic dart appears from out of thin air!
The magic dart hits you!
* * * LOW HITPOINT WARNING * * *
The crimson imp blinks!
Something hits you.
* * * LOW HITPOINT WARNING * * *
You closely miss something. Your headbutt misses something.
The orc priest invokes the aid of Beogh against you.
Beogh smites you!
You die...

#######
......5 .#
......§ .#
.....oh .#
[.....o####.#
#.†...#
#@)...#####
#..........#
#..$..####.#
###........#
#.......##
######.......#
#<(.())......#
#######......#
########


You could see an orc priest, Natasha, a crimson imp and an orc.

Vanquished Creatures
  An ogre (D:2)
  An orc priest (D:3)
  An orc wizard (D:3)
  2 adders (D:2)
  A worm (D:2)
  4 leopard geckos
  4 orcs (D:3)
  2 ball pythons
  6 bats
  2 giant cockroaches (D:2)
  4 goblins
  7 hobgoblins
  2 jackals (D:3)
  6 kobolds
  8 frilled lizards
  7 rats
  2 plants (D:1)
60 creatures vanquished.

Notes
Turn   | Place    | Note
-------+----------+-------------------------------------------
     0 | D:1      | Mrkan the Minotaur Fighter began the quest for the Orb.
     0 | D:1      | Reached XP level 1. HP: 19/19 MP: 0/0
   116 | D:1      | Reached skill level 3 in Maces & Flails
   135 | D:1      | Reached XP level 2. HP: 25/27 MP: 1/1
   745 | D:2      | Reached XP level 3. HP: 32/33 MP: 2/2
   926 | D:2      | Reached skill level 4 in Maces & Flails
  1192 | D:2      | Noticed an ogre
  1198 | D:2      | Killed an ogre
  1198 | D:2      | Reached skill level 5 in Maces & Flails
  1198 | D:2      | Reached XP level 4. HP: 24/41 MP: 3/3
  1266 | D:2      | Reached XP level 5. HP: 38/47 MP: 4/4
  1312 | D:2      | Reached skill level 5 in Fighting
  1534 | D:3      | Reached skill level 6 in Maces & Flails
  1542 | D:3      | Noticed Natasha
  1558 | D:3      | Killed from afar by an orc priest

Skill      XL: |  1  2  3  4  5 |
---------------+----------------+-----
Maces & Flails | 3 5 6 |  6.1
Fighting       | 4 5 |  5.3
Armour         | |  3.6
Shields        | |  3.6

Action                   |  1- 3 |  4- 6 || total
-------------------------+-------+-------++-------
Melee: Flail             |   105 |    81 ||   186
       Headbutt          |    24 |     7 ||    31
  Eat: Chunk             |     1 |     1 ||     2
Armor: Scale mail        |    46 |    45 ||    91
Dodge: Dodged            |    28 |    23 ||    51
Block: Shield            |    51 |    51 ||   102
